 Dungeon Crawl Stone Soup version 0.20.0-7-g3b7b877 (webtiles) character file.

215 lebowski the Magician (level 5, 0/25 HPs)
             Began as a Spriggan Earth Elementalist on May 29, 2017.
             Killed from afar by mango's ghost (12 damage)
             ... with a puff of flame
             ... on level 4 of the Dungeon on May 30, 2017.
             The game lasted 01:05:23 (4282 turns).

lebowski the Magician (Spriggan Earth Elementalist) Turns: 4282, Time: 01:05:24

Health: 0/25       AC:  3    Str:  4    XL:     5   Next: 60%
Magic:  0/12       EV: 18    Int: 17    God:
Gold:   223        SH:  0    Dex: 17    Spells: 2/12 levels left

rFire    . . .     SeeInvis +   i - +1 dagger
rCold    . . .     Gourm    .   (shield restricted)
rNeg     . . .     Faith    .   c - +1 robe
rPois    .         Spirit   .   (helmet restricted)
rElec    .         Reflect  .   (no cloak)
rCorr    .         Harm     .   (gloves unavailable)
MR       .....                  (boots unavailable)
Stlth    +++.......             (no amulet)
Regen    0.1/turn               (no ring)
MPRegen  0.2/turn               (no ring)

@: very quick
A: unfitting armour, see invisible, herbivore 3, speed 3, slow metabolism 2
a: no special abilities


You were on level 4 of the Dungeon.
You were not hungry.

You visited 1 branch of the dungeon, and saw 4 of its levels.

You collected 223 gold pieces.

Inventory:

Hand Weapons
 f - a +2 quarterstaff of chaos
 i - a +1 dagger (weapon)
 r - a +0 hunting sling
 y - a +0 quarterstaff
 C - a +0 mace
Missiles
 a - 92 arrows
 b - 155 stones (quivered)
 h - 82 sling bullets
 z - 8 javelins
Armour
 c - a +1 robe (worn)
 j - a +0 cloak
 u - a +2 buckler
 E - a +0 robe
 H - a +0 robe
Scrolls
 g - 2 scrolls of enchant armour
 n - 2 scrolls of identify
 o - 3 scrolls of teleportation
 q - a scroll of enchant weapon
 s - 2 scrolls of recharging
 t - 2 scrolls of remove curse
 v - a scroll of blinking {unknown}
 B - a scroll of fog
Potions
 k - a potion of curing {unknown}
 l - 2 potions of flight {unknown}
 m - a potion of magic {unknown}
 w - 3 potions of mutation {unknown}
 x - a potion of haste {unknown}
 A - a potion of agility {unknown}
 F - a potion of invisibility {unknown}
Books
 e - a book of Geomancy

   Spells                             Type                      Level
   a - Sandblast                      Earth                        1
   b - Passwall                       Transmutation/Earth          2
   c - Stone Arrow                    Conjuration/Earth            3
   d - Petrify                        Transmutation/Earth          4
   e - Lee's Rapid Deconstruction     Earth                        5
Comestibles
 d - 3 bread rations
 p - 2 meat rations


   Skills:
 - Level 1.0 Fighting
 - Level 0.2 Short Blades
 - Level 0.1 Staves
 - Level 0.2 Slings
 - Level 3.2 Dodging
 - Level 4.0 Stealth
 + Level 4.3 Spellcasting
 * Level 1.0 Conjurations
 - Level 3.1 Transmutations
 - Level 3.6 Earth Magic


You had 2 spell levels left.
You knew the following spells:

 Your Spells              Type           Power        Failure   Level  Hunger
a - Sandblast             Erth           ###...       3%          1    None
b - Passwall              Tmut/Erth      ###.......   5%          2    ##.....
c - Stone Arrow           Conj/Erth      ##....       17%         3    ###....
d - Petrify               Tmut/Erth      ###.....     36%         4    ####...


Dungeon Overview and Level Annotations

Branches:
Dungeon (4/15)
 Temple: D:4-7

Altars:
Makhleb
Qazlal
Trog
Xom
Zin

Annotations:
D:4 mango's ghost, amateur CeFE


Innate Abilities, Weirdness & Mutations

You are very small and have problems with some larger weapons.
You are too small for most types of armour.
You have supernaturally acute eyesight. (SInv)
You are a herbivore.
You cover ground extremely quickly.
You need consume almost no food.


Message History

You closely miss mango's ghost.
Mango's ghost gestures at you while chanting.
The flame tongue misses you.
You hit mango's ghost but do no damage. Mango's ghost barely misses you.
You barely miss mango's ghost.
Mango's ghost gestures at you while chanting.
The flame tongue hits you!
You barely miss mango's ghost.
Mango's ghost hits you but does no damage.
Mango's ghost casts a spell at you. The puff of flame hits you!
Casting: Sandblast
Confirm with . or Enter, or press ? or * to list all spells.
Aiming: Petrify
Press: ? - help, Shift-Dir - straight line, f/p - mango's ghost
Aim: mango's ghost (chance to defeat MR: 40%) Mango's ghost resists with some effort.
Mango's ghost gestures at you while chanting.
The puff of flame hits you!
You die...

#.........)....# #.#..#.####
##.#####.###..#.## #..#.......
#. #.###.###.## ##.###.##### #+
#.##.## ##.# #.## ##.# ...
#.###.###.### ##.###.## .... #.#
#..#....###>..#.## # .....
#.###.#.###.##......## ##
......#.).....###.##.......####.
...W..'.....W..@..............'.
......####....###..........####.
..... ##.#.# #.......W..# ##
.... #.#.###.##....#.## # ...
#.......##....#.# #+
###.######......# #.# #####.####
#.# #........# #.# #.###.##.#


You could see mango's ghost.

Vanquished Creatures
  Terence (D:3)
  Crazy Yiuf (D:4)
  2 orc wizards (D:3)
  A worker ant (D:4)
  An adder (D:2)
  An adder skeleton (D:4)
  A worm (D:2)
  2 dart slugs
  5 leopard geckos
  2 orcs (D:4)
  2 ball pythons (D:3)
  3 giant cockroaches
  6 goblins
  9 hobgoblins
  5 jackals (D:3)
  5 kobolds
  2 quokkas (D:2)
  4 bats
  5 frilled lizards
  A quokka skeleton (D:4)
  3 rats
62 creatures vanquished.

Notes
Turn   | Place    | Note
-------+----------+-------------------------------------------
     0 | D:1      | lebowski the Spriggan Earth Elementalist began the quest for the Orb.
     0 | D:1      | Reached XP level 1. HP: 9/9 MP: 5/5
   453 | D:1      | Reached XP level 2. HP: 6/13 MP: 2/6
   457 | D:1      | Learned a level 2 spell: Passwall
  1068 | D:2      | Reached XP level 3. HP: 16/16 MP: 3/8
  1073 | D:2      | Learned a level 3 spell: Stone Arrow
  1501 | D:2      | Found a bloodstained altar of Trog.
  1502 | D:2      | Found a shimmering altar of Xom.
  2120 | D:3      | Found a glowing silver altar of Zin.
  2129 | D:3      | Found a stormy altar of Qazlal.
  2267 | D:3      | Noticed Terence
  2346 | D:3      | Found a burning altar of Makhleb.
  2370 | D:3      | Killed Terence
  2370 | D:3      | Reached XP level 4. HP: 21/21 MP: 0/10
  3225 | D:3      | Reached XP level 5. HP: 25/25 MP: 6/12
  3376 | D:4      | Learned a level 4 spell: Petrify
  3479 | D:4      | Found a runed door.
  3483 | D:4      | Noticed Crazy Yiuf
  3495 | D:4      | Killed Crazy Yiuf
  3495 | D:4      | Reached skill level 1 in Fighting
  3710 | D:4      | Noticed mango's ghost (amateur CeFE)
  3949 | D:4      | Reached skill level 1 in Conjurations
  4282 | D:4      | Killed from afar by mango's ghost

Skill      XL: |  1  2  3  4  5 |
---------------+----------------+-----
Earth Magic    | 3 |  3.6
Spellcasting   | 3 4 |  4.3
Transmutations | 2 3 |  3.1
Fighting       | 1 |  1.0
Stealth        | 4 |  4.0
Conjurations   | 1 |  1.0
Short Blades   | |  0.2
Staves         | |  0.1
Slings         | |  0.2
Dodging        | |  3.2

Action                   |  1- 3 |  4- 6 || total
-------------------------+-------+-------++-------
Melee: Dagger            |    24 |    31 ||    55
       Quarterstaff      |       |    15 ||    15
 Fire: Hunting sling     |    13 |       ||    13
 Cast: Sandblast         |    40 |    46 ||    86
       Stone Arrow       |    10 |     3 ||    13
       Petrify           |       |     7 ||     7
  Use: Scroll            |     1 |     5 ||     6
 Stab: Sleeping          |     2 |       ||     2
       Petrified         |       |    13 ||    13
  Eat: Bread ration      |       |     1 ||     1
Armor: Robe              |     1 |     5 ||     6
Dodge: Dodged            |    27 |    45 ||    72
